[Event "Early-Titled-Tuesday-Blitz-February-06-2024"]
[Site "Chess.com"]
[Date "2024.02.06"]
[Round "10"]
[White "GrumbleBruno"]
[Black "guillembaches"]
[Result "1/2-1/2"]
[WhiteElo "2473"]
[BlackElo "2563"]
[TimeControl "180+1"]
[EndTime "9:54:44 PST"]
[Termination "Game drawn by repetition"]

1. e4 c5 2. c3 d5 3. exd5 Qxd5 4. d4 Nc6 5. Nf3 Bg4 6. Be2 cxd4 7. cxd4 e6 8. h3 Bh5 9. Nc3 Qa5 10. O-O Bb4 11. d5 exd5 12. Nxd5 O-O-O 13. Bc4 Nf6 14. a3 Nxd5 15.
axb4 Qxa1 16. Bxd5 Nxb4 17. Bxb7+ Kxb7 18. Qb3 Qa5 19. Bd2 Qd5 20. Qxb4+ Ka8 21. Be3 Bxf3 22. Ra1 Rd7 23.
gxf3 Rb8 24. Qa3 Rb3 25. Qf8+ Rb8 26. Qa3 Rbb7 27. Qf8+ Rd8 28. Qa3 Rdd7 29. Qf8+ Rb8 30. Qa3 1/2-1/2

[Event "Early-Titled-Tuesday-Blitz-February-06-2024"]
[Site "Chess.com"]
[Date "2024.02.06"]
[Round "10"]
[White "Atousa"]
[Black "Flameboard08"]
[Result "0-1"]
[WhiteElo "2474"]
[BlackElo "2578"]
[TimeControl "180+1"]
[EndTime "9:54:47 PST"]
[Termination "Flameboard08 won by resignation"]

1. Nf3 b6 2. g3 Bb7 3. Bg2 Nf6 4. O-O e6 5. d3 c5 6. e4 d5 7. e5 Nfd7 8. Bf4 Nc6 9. Re1 Be7 10. h4 h5 11.
Nbd2 b5 12. c3 a5 13. c4 bxc4 14. dxc4 Nb6 15. Ng5 Nd4 16. Ndf3 Nxf3+ 17. Bxf3 Nxc4 18. Bxh5 g6 19. Be2 Ba6 20. b3 Nb6 21. Bxa6 Rxa6 22.
Qe2 Ra8 23. Qb5+ Nd7 24. Rad1 Qb6 25. Qe2 a4 26. Rxd5 exd5 27. e6 Bxg5 28. exd7+ Kxd7 29. hxg5 Rhe8 30. Qg4+ Re6 31. Rd1 Qc6 32. Qf3 d4 33. Qd3 Rae8 34. f3 Re2 35. bxa4 Qxa4 36. Rb1 Re1+ 37.
Rxe1 Rxe1+ 38. Kf2 Re6 39. Qd2 Ra6 40. Kg1 Qxa2 41.
Qd3 Qa1+ 42. Kg2 Ra2+ 43. Bd2 Qb2 0-1

[Event "Early-Titled-Tuesday-Blitz-February-06-2024"]
[Site "Chess.com"]
[Date "2024.02.06"]
[Round "10"]
[White "Happy1712Drummer"]
[Black "the_blue_pill"]
[Result "1-0"]
[WhiteElo "2389"]
[BlackElo "2283"]
[TimeControl "180+1"]
[EndTime "9:54:47 PST"]
[Termination "Happy1712Drummer won by resignation"]

1. e4 c5 2. Nf3 d6 3. Bb5+ Bd7 4.
Bxd7+ Qxd7 5. O-O Nc6 6. d3 d5 7. exd5 Qxd5 8. Nc3 Qd7 9. Re1 e6 10. Bf4 Nf6 11. Ne4 Be7 12. Ne5 Nxe5 13. Bxe5 Nxe4 14. Rxe4 O-O 15. Qg4 g6 16. Qh3 Rad8 17. Rae1 f6 18. Bc3 e5 19. Qxd7 Rxd7 20. f4 Bd6 21. fxe5 fxe5 22. Bxe5 Bxe5 23. Rxe5 b6 24. Re7 Rf7 25.
Rxd7 Rxd7 26. Kf2 Kf7 27. Re4 Kf6 28. Ke3 Rd6 29. c3 Rd5 30. g4 h5 31. h3 hxg4 32.
hxg4 Rd7 33. a4 Kg5 34. b4 cxb4 35. cxb4 Rf7 36. d4 Rf1 37. d5 Re1+ 38. Kd4 Rd1+ 39. Ke5 Kh4 40. d6 g5 41. Ke6 1-0

[Event "Early-Titled-Tuesday-Blitz-February-06-2024"]
[Site "Chess.com"]
[Date "2024.02.06"]
[Round "10"]
[White "Vazabanga"]
[Black "verrbaa"]
[Result "1-0"]
[WhiteElo "2633"]
[BlackElo "2502"]
[TimeControl "180+1"]
[EndTime "9:54:48 PST"]
[Termination "Vazabanga won on time"]

1. d4 Nf6 2. c4 e6 3. g3 d5 4. Nf3 dxc4 5. Bg2 a6 6. O-O Nc6 7. Nc3 Rb8 8. e4 Nb4 9. Ne5 c5 10. d5 Nd3 11. Nxc4 Nxc1 12. Rxc1 b5 13. Ne5 Bb7 14. dxe6 fxe6 15. Qe2 Be7 16. Bh3 Qb6 17. Nd3 g5 18. e5 Qc6 19. f3 Nd5 20. Ne4 c4 21.
Ndf2 Rg8 22. Ng4 1-0

[Event "Early-Titled-Tuesday-Blitz-February-06-2024"]
[Site "Chess.com"]
[Date "2024.02.06"]
[Round "10"]
[White "DevikBronstein"]
[Black "rasmussvane"]
[Result "0-1"]
[WhiteElo "2903"]
[BlackElo "2983"]
[TimeControl "180+1"]
[EndTime "9:54:51 PST"]
[Termination "rasmussvane won by resignation"]

1. Nf3 d5 2. g3 Nf6 3. Bg2 e6 4. c4 Be7 5. d4 O-O 6. Qd3 b6 7. cxd5 Ba6 8. Qc2 Nxd5 9. O-O c5 10. dxc5 Bxc5 11. Ng5 g6 12. a3 Nd7 13. Rd1 Rc8 14.
e4 Ne3 15. Bxe3 Bxe3 16. Qa4 Be2 17. Nc3 Bxd1 18. Rxd1 Qxg5 19. Rxd7 Bc1 20. Qc2 Rfd8 21. h4 Qh6 22. Rxd8+ Rxd8 23. Ne2 Qd2 24. Qxc1 Qxc1+ 25. Nxc1 Rd1+ 0-1

[Event "Early-Titled-Tuesday-Blitz-February-06-2024"]
[Site "Chess.com"]
[Date "2024.02.06"]
[Round "10"]
[White "AryanTari"]
[Black "DavidGavrilescu18"]
[Result "1-0"]
[WhiteElo "2940"]
[BlackElo "2776"]
[TimeControl "180+1"]
[EndTime "9:54:51 PST"]
[Termination "AryanTari won on time"]

1. e4 c5 2. Nf3 e6 3. d4 cxd4 4. Nxd4 Nf6 5. Nc3 Nc6 6. Qd3 d5 7. exd5 exd5 8. Be3 Bb4 9. a3 Qa5 10. O-O-O Bxc3 11. Qxc3 Qxc3 12. bxc3 O-O 13. Nxc6 bxc6 14. c4 Ba6 15. Bd4 Bxc4 16. Bxc4 dxc4 17. Bxf6 gxf6 18.
Rd6 Kg7 19. Rhd1 Rfe8 20. Rxc6 Re2 21. Rd2 Re4 22. Kb2 Rb8+ 23. Kc3 Rb1 24. Rxc4 Re6 25. Rd7 Ra6 26. a4 f5 27. Rcc7 Rxa4 28. Rxf7+ Kg6 29.
Rxh7 Ra3+ 30. Kd2 Rf1 31. Rcg7+ Kf6 32. Ke2 Raa1 33. Rxa7 Rac1 34. Rh6+ Kg5 35. Rc6 Rce1+ 36. Kf3 Re4 37. g3 Rd4 38. h4+ 1-0

[Event "Early-Titled-Tuesday-Blitz-February-06-2024"]
[Site "Chess.com"]
[Date "2024.02.06"]
[Round "10"]
[White "IriBu"]
[Black "Leonid_Starozhilov"]
[Result "0-1"]
[WhiteElo "2550"]
[BlackElo "2726"]
[TimeControl "180+1"]
[EndTime "9:54:51 PST"]
[Termination "Leonid_Starozhilov won by checkmate"]

1. d4 Nf6 2. Nf3 g6 3. g3 Bg7 4. Bg2 O-O 5. O-O d6 6. Nbd2 Nc6 7.
e4 Bg4 8. c3 e5 9. d5 Ne7 10.
h3 Bxf3 11. Nxf3 Nd7 12. c4 a5 13. b3 Nc5 14. Qe2 b6 15. Ne1 f5 16. Bg5 Qd7 17. Bxe7 Qxe7 18. Nd3 f4 19. Rab1 Rf7 20. Bf3 Raf8 21.
Nxc5 bxc5 22. Bg4 Kh8 23. Be6 Rf6 24. a3 h5 25. b4 axb4 26. axb4 cxb4 27. Rxb4 fxg3 28.
f3 Ra8 29. Rfb1 Bh6 30. Rb8+ Rxb8 31. Rxb8+ Rf8 32. Qb2 Qg5 33. Rxf8+ Bxf8 34. Kg2 Qe3 35. Kxg3 Qg1+ 36. Qg2 h4+ 37. Kxh4 Qxg2 38. Bg4 Be7# 0-1

[Event "Early-Titled-Tuesday-Blitz-February-06-2024"]
[Site "Chess.com"]
[Date "2024.02.06"]
[Round "10"]
[White "margarita_2703"]
[Black "Attacker_2006"]
[Result "0-1"]
[WhiteElo "2355"]
[BlackElo "2488"]
[TimeControl "180+1"]
[EndTime "9:54:52 PST"]
[Termination "Attacker_2006 won by resignation"]

1. e4 e5 2. Nf3 Nc6 3. Bb5 a6 4. Ba4 Nf6 5. O-O Nxe4 6. d4 b5 7. Bb3 d5 8. dxe5 Be6 9. c3 Bc5 10. Qe2 Qd7 11. Nbd2 Nxd2 12. Bxd2 O-O 13. a4 Rab8 14.
Rfd1 Bg4 15. h3 Bxf3 16. Qxf3 Nxe5 17. Qxd5 Qxd5 18. Bxd5 Nd3 19. Be3 Bxe3 20. fxe3 Nxb2 21. Rdb1 Nxa4 22. Bb3 Nxc3 23. Rb2 Rb6 24. Bd1 Nxd1 25.
Rxd1 a5 26. Rdb1 b4 27. Rc1 c6 28. Ra1 Rb5 29. Rba2 b3 30. Ra4 Re8 31. Kf2 b2 32. Rb1 c5 33. Ke2 Rb3 34. Rxa5 c4 35. Rc5 Rbxe3+ 36.
Kf2 c3 37. Kg1 Re1+ 0-1

[Event "Early-Titled-Tuesday-Blitz-February-06-2024"]
[Site "Chess.com"]
[Date "2024.02.06"]
[Round "10"]
[White "deepfear"]
[Black "mary-sanna"]
[Result "0-1"]
[WhiteElo "1973"]
[BlackElo "2194"]
[TimeControl "180+1"]
[EndTime "9:54:52 PST"]
[Termination "mary-sanna won on time"]

1. e4 c5 2. Nc3 Nc6 3. f4 g6 4.
Nf3 Bg7 5. Bc4 e6 6. f5 exf5 7. exf5 Nf6 8. fxg6 hxg6 9. O-O d5 10. Re1+ Be6 11. Bb5 Qd6 12. d4 c4 13. Ne5 Nd7 14. Bf4 Ndxe5 15. Bxe5 Bxe5 16. dxe5 Qc5+ 17. Kh1 O-O-O 18.
Bxc6 Rxh2+ 19. Kxh2 Rh8+ 20. Kg3 Qxc6 21. Qf3 Qc7 22. Qf6 Rh5 23. Rh1 Rxe5 24. Rh8+ Kd7 25. Kh4 g5+ 26. Kh5 g4+ 27. Kh4 Re3 28. Rf1 Qh2+ 0-1

[Event "Early-Titled-Tuesday-Blitz-February-06-2024"]
[Site "Chess.com"]
[Date "2024.02.06"]
[Round "10"]
[White "IsaqueGoncalvesSanto"]
[Black "flomarechot"]
[Result "0-1"]
[WhiteElo "1867"]
[BlackElo "2301"]
[TimeControl "180+1"]
[EndTime "9:54:53 PST"]
[Termination "flomarechot won on time"]

1. d4 Nf6 2. c4 c5 3. d5 b5 4.
cxb5 a6 5. bxa6 g6 6. g3 Bg7 7.
Bg2 d6 8. Nh3 O-O 9. O-O Bxa6 10. Re1 Nbd7 11. e4 Rb8 12. Nc3 Ne8 13. f4 c4 14. Nf2 Qa5 15. Re2 Bxc3 16. bxc3 Qxc3 17. Be3 Qa3 18. Bd4 Nc7 19. Rc2 Rfc8 20. Rc3 Qb4 21. a3 Qa5 22. Rc2 Nb5 23. Be3 Nc5 24.
Rxc4 Nc3 25. Qc2 Bxc4 26. Bd2 N5a4 27. Nd1 Bb3 28. Qc1 Qc5+ 29. Be3 Ne2+ 30. Kf2 Nxc1 31.
Bxc5 Rxc5 0-1

[Event "Early-Titled-Tuesday-Blitz-February-06-2024"]
[Site "Chess.com"]
[Date "2024.02.06"]
[Round "10"]
[White "laskakid"]
[Black "boguszp"]
[Result "1-0"]
[WhiteElo "2327"]
[BlackElo "2104"]
[TimeControl "180+1"]
[EndTime "9:54:54 PST"]
[Termination "laskakid won on time"]

1. d4 d5 2. c4 c6 3. cxd5 cxd5 4.
Bf4 Nc6 5. e3 a6 6. Nc3 Nf6 7.
Be2 e6 8. Rc1 Bd6 9. Bxd6 Qxd6 10. f4 O-O 11. Nf3 Ng4 12. Qd2 f5 13. O-O Nf6 14. Na4 b5 15. Nc5 Ne4 16. Qc2 Nxc5 17.
Qxc5 Qxc5 18. Rxc5 Bb7 19. Rfc1 Rac8 20. Ng5 Rfe8 21.
Bf3 Kh8 22. Nf7+ Kg8 23. Nd6 Nxd4 24. Nxc8 Nxf3+ 25. gxf3 Rd8 26. Rc7 Ba8 27. Nb6 d4 28. Nxa8 dxe3 29. Rc8 Rxc8 30. Rxc8+ Kf7 31. Kf1 Ke7 32.
Rc7+ Kf6 33. Ke2 h6 34. Kxe3 g5 35. fxg5+ hxg5 36. Nb6 Ke5 37. Rc5+ Kd6 38. Rc3 e5 39. b4 1-0

[Event "Early-Titled-Tuesday-Blitz-February-06-2024"]
[Site "Chess.com"]
[Date "2024.02.06"]
[Round "10"]
[White "kleopl"]
[Black "Adar_07"]
[Result "0-1"]
[WhiteElo "2542"]
[BlackElo "2725"]
[TimeControl "180+1"]
[EndTime "9:55:03 PST"]
[Termination "Adar_07 won by resignation"]

1. e4 e6 2. d4 d5 3. e5 c5 4.
Qg4 Nc6 5. Nf3 cxd4 6. Bd3 Nge7 7. O-O Ng6 8. Re1 Bd7 9. h4 Bb4 10. Bd2 Bxd2 11. Nbxd2 h5 12. Qg3 Rh6 13. Nb3 Qb6 14. Ng5 a5 15. a4 Rc8 16. f4 Nb4 17. f5 Nxd3 18. Qxd3 Nxh4 19. Qxd4 Qxd4+ 20. Nxd4 Nxf5 21. Nxf5 exf5 22. c3 Rb6 23. Re2 Rc4 24. Rd1 Be6 25. Nf3 Rxa4 26. Nd4 Ra2 27. Rdd2 a4 28. Kh2 a3 29. bxa3 Rxa3 30. Rb2 Rxb2 31. Rxb2 Rxc3 32. Rxb7 Rc4 33. Nxe6 fxe6 34. Rxg7 Re4 35. Rh7 Rxe5 36. Rxh5 d4 37. Rh3 Rd5 38. Kg1 d3 0-1

[Event "Early-Titled-Tuesday-Blitz-February-06-2024"]
[Site "Chess.com"]
[Date "2024.02.06"]
[Round "10"]
[White "ViralduS"]
[Black "deribas12345"]
[Result "1-0"]
[WhiteElo "2725"]
[BlackElo "2539"]
[TimeControl "180+1"]
[EndTime "9:55:03 PST"]
[Termination "ViralduS won by resignation"]

1. c4 c5 2. Nf3 Nf6 3. g3 g6 4. Bg2 Bg7 5. O-O O-O 6. d4 cxd4 7. Qxd4 Nc6 8. Qh4 d6 9. Nc3 Be6 10. Bh6 Qa5 11. Bxg7 Kxg7 12. Rac1 h6 13. Nd4 Bd7 14. Nb3 Qb4 15. Nd5 Nxd5 16. cxd5 Qxh4 17. gxh4 Nb4 18.
Rc7 Rfd8 19. Rxb7 Rab8 20. Rxa7 Nxa2 21. Nd4 Rxb2 22. Bf3 Nb4 23. Rc1 Rd2 24. Nc6 Bxc6 25. dxc6 Rc8 26. Rxe7 d5 27. c7 Kf6 28. Rd7 Ke6 29. Rd8 Rd1+ 30. Rxd1 Rxc7 31. Bxd5+ 1-0

[Event "Early-Titled-Tuesday-Blitz-February-06-2024"]
[Site "Chess.com"]
[Date "2024.02.06"]
[Round "10"]
[White "ValentinDragnev"]
[Black "Blitzking642"]
[Result "1/2-1/2"]
[WhiteElo "2747"]
[BlackElo "2543"]
[TimeControl "180+1"]
[EndTime "9:55:03 PST"]
[Termination "Game drawn by repetition"]

1. d4 d5 2. Nf3 Nf6 3. Bf4 e6 4. e3 Bd6 5. Nbd2 O-O 6. c3 Bxf4 7. exf4 c5 8. h4 Qc7 9. g3 b6 10. h5 Ba6 11. h6 g6 12. Bxa6 Nxa6 13. Qe2 Nb8 14. Ne5 Nbd7 15. Nxd7 Nxd7 16. Nf3 Rac8 17. O-O-O Rfe8 18. Kb1 c4 19. Ne5 Nxe5 20. Qxe5 Qxe5 21. fxe5 b5 22. Kc2 Rb8 23. a3 a5 24. Ra1 Rb7 25. f4 Reb8 26. g4 Kf8 27. f5 gxf5 28. gxf5 exf5 29.
Rh5 Rb6 30. Rf1 R8b7 31. Rfxf5 b4 32. cxb4 axb4 33. a4 Rg6 34. Rh2 Rbb6 35. Rhf2 Rb7 36. Rf6 Ke8 37. a5 Ra7 38. e6 Rxf6 39. Rxf6 fxe6 40.
Rxe6+ Kf7 41. Rb6 b3+ 42. Kc3 Rxa5 43. Rd6 Rb5 44. Ra6 Rb7 45. Rd6 Rb5 46. Ra6 Rb7 47. Rd6 Rb5 1/2-1/2

[Event "Early-Titled-Tuesday-Blitz-February-06-2024"]
[Site "Chess.com"]
[Date "2024.02.06"]
[Round "10"]
[White "EvgenyBurmakin"]
[Black "NowInChess"]
[Result "0-1"]
[WhiteElo "2418"]
[BlackElo "2351"]
[TimeControl "180+1"]
[EndTime "9:55:03 PST"]
[Termination "NowInChess won on time"]

1. e4 e6 2. d4 d5 3. Nd2 Nc6 4. Ngf3 Nf6 5. e5 Nd7 6. c3 f6 7.
exf6 Qxf6 8. Bd3 Bd6 9. O-O e5 10. dxe5 Ndxe5 11. Re1 O-O 12. Be2 Ng4 13. Rf1 Nce5 14.
h3 Nh6 15. Nb3 c6 16. Bxh6 Qxh6 17. Qd2 Nxf3+ 18. Bxf3 Qg6 19. Kh1 Bf5 20. Nd4 Bd7 21. Rae1 Rad8 22. b4 Bf4 23. Qc2 Qh6 24. Kg1 Bxh3 25.
g3 Bxf1 26. Kxf1 Bd6 27. Kg2 Qf6 28. Ne6 Qxf3+ 29. Kg1 Rde8 0-1

[Event "Early-Titled-Tuesday-Blitz-February-06-2024"]
[Site "Chess.com"]
[Date "2024.02.06"]
[Round "10"]
[White "Rawnsdale"]
[Black "KanalSzachowy"]
[Result "1-0"]
[WhiteElo "2504"]
[BlackElo "2373"]
[TimeControl "180+1"]
[EndTime "9:55:05 PST"]
[Termination "Rawnsdale won on time"]

1. e4 c5 2. Nf3 Nc6 3. d4 cxd4 4. Nxd4 Nf6 5. Nc3 e5 6. Ndb5 d6 7. Nd5 Nxd5 8. exd5 Nb8 9. c4 Be7 10. c5 O-O 11. Be2 Na6 12. cxd6 Bxd6 13. O-O f5 14. f4 Kh8 15. Nxd6 Qxd6 16. fxe5 Qxe5 17. Bf4 Qf6 18. d6 Bd7 19. Bf3 Nc5 20. b4 Ne4 21. Re1 Rae8 22. Rc1 Qh4 23. g3 Qf6 24. Rc7 Bc6 25. Re7 Qc3 26. Be5 Qxb4 27. Bxg7+ Kg8 28. Bxe4 Bxe4 29. Bxf8 Qb6+ 30. Kf1 Qb5+ 31. Re2 Rxf8 32. Qd4 Qb1+ 33. Kf2 Qb6 34. Qxb6 axb6 35. d7 Bc6 36. R2e6 1-0

[Event "Early-Titled-Tuesday-Blitz-February-06-2024"]
[Site "Chess.com"]
[Date "2024.02.06"]
[Round "10"]
[White "LornerAcosta"]
[Black "NovozhilovSemen"]
[Result "0-1"]
[WhiteElo "2512"]
[BlackElo "2672"]
[TimeControl "180+1"]
[EndTime "9:55:06 PST"]
[Termination "NovozhilovSemen won by resignation"]

1. Nf3 Nf6 2. e3 c5 3. c4 e6 4. b3 b6 5. Bb2 Bb7 6. Be2 d5 7. cxd5 exd5 8. O-O Bd6 9. d4 O-O 10. Nc3 Ne4 11. dxc5 bxc5 12. Nxe4 dxe4 13. Nd2 Qg5 14. g3 Rd8 15. Qc2 Qg6 16. Nc4 Bc7 17. Rad1 Nc6 18.
Qc3 f6 19. Rxd8+ Rxd8 20. Rd1 Rxd1+ 21. Bxd1 Nb4 22. Qd2 Nd3 23. Bc3 h5 24. Ba5 Bb8 25.
Kg2 h4 26. Bc3 h3+ 27. Kg1 Bc8 28. Qe2 Qf5 29. Nd2 Ba6 30. Nc4 Bxc4 31. bxc4 Be5 32. Bd2 Qe6 33. Kf1 Kf8 34. Bb3 g6 35. Qd1 f5 36.
Qc2 g5 37. Ke2 f4 38. exf4 gxf4 39. gxf4 Qg4+ 40. Kf1 Qg2+ 41. Ke2 Qxf2+ 42. Kd1 Qf1+ 0-1

[Event "Early-Titled-Tuesday-Blitz-February-06-2024"]
[Site "Chess.com"]
[Date "2024.02.06"]
[Round "10"]
[White "Keeper0416"]
[Black "nikitadovbnya2008"]
[Result "0-1"]
[WhiteElo "2561"]
[BlackElo "2331"]
[TimeControl "180+1"]
[EndTime "9:55:06 PST"]
[Termination "nikitadovbnya2008 won by resignation"]

1. Nc3 g6 2. h4 Bg7 3. h5 Nf6 4. h6 Bf8 5. e4 e5 6. Bc4 d6 7.
Nf3 Be6 8. d3 Nc6 9. Bb5 Bd7 10.
Ng5 Nd4 11. Bc4 Be6 12. Nxe6 fxe6 13. Be3 Qd7 14. f4 O-O-O 15. a4 d5 16. fxe5 dxc4 17. exf6 Bc5 18. O-O Nxc2 19. Bxc5 Nxa1 20. dxc4 Qxd1 21. Rxd1 Rxd1+ 22. Nxd1 b6 23. Be7 Kd7 24. Ne3 Nb3 25.
Ng4 Nc5 26. Ne5+ Ke8 27. Bxc5 bxc5 28. a5 Rf8 29. Ng4 Kf7 30. e5 Rd8 31. Kf2 Rd4 32.
Kf1 Rxg4 0-1

[Event "Early-Titled-Tuesday-Blitz-February-06-2024"]
[Site "Chess.com"]
[Date "2024.02.06"]
[Round "10"]
[White "kai_nov"]
[Black "Matols"]
[Result "0-1"]
[WhiteElo "2284"]
[BlackElo "2390"]
[TimeControl "180+1"]
[EndTime "9:55:06 PST"]
[Termination "Matols won by resignation"]

1. e4 c6 2. d4 d5 3. e5 c5 4. c3 Nc6 5. Nf3 Bg4 6. Be2 e6 7.
O-O Nge7 8. h3 Bxf3 9. Bxf3 Nf5 10. Qa4 cxd4 11. cxd4 Nxd4 12. Bd1 Be7 13. Nc3 O-O 14.
Be3 Nf5 15. Bf4 a6 16. Qc2 Rc8 17. Qb1 b5 18. a3 Bc5 19. Bc2 Ncd4 20. Bxf5 Nxf5 21.
Rd1 Qh4 22. g3 Nxg3 23. Bxg3 Qxg3+ 24. Kh1 Bxf2 25. Rd3 Qxe5 26. Qf1 Bb6 27. Qg2 Rc4 28. Rg3 g6 29. Rg5 Qf6 30. Rf1 Rf4 31. Rxf4 Qxf4 32.
Rg4 Qc1+ 33. Kh2 Bc7+ 34. Rg3 Bxg3+ 35. Qxg3 Qxb2+ 36. Kg1 Rc8 37. Nd1 Rc1 38. Qd3 Qb1 39. Qd4 Rxd1+ 0-1

[Event "Early-Titled-Tuesday-Blitz-February-06-2024"]
[Site "Chess.com"]
[Date "2024.02.06"]
[Round "10"]
[White "javirec"]
[Black "EsmeraldasAnderson03"]
[Result "0-1"]
[WhiteElo "2283"]
[BlackElo "2400"]
[TimeControl "180+1"]
[EndTime "9:55:07 PST"]
[Termination "EsmeraldasAnderson03 won by resignation"]

1. e4 c5 2. c3 Nf6 3. e5 Nd5 4. Bc4 Nb6 5. Bb3 Nc6 6. d4 cxd4 7. cxd4 d6 8. e6 fxe6 9. Nc3 g6 10. Nf3 Bg7 11. h4 O-O 12. h5 Qe8 13. Qd3 Qf7 14. Be3 Qf5 15. Qe2 Nb4 16. hxg6 Nd3+ 17. Kf1 hxg6 18.
Bc2 Nf4 19. Bxf4 Qxf4 20. Bxg6 Rf6 21. Bh7+ Kf8 22. Rh4 Qxh4 23. Nxh4 Rh6 24. Qf3+ Bf6 25. Be4 Rxh4 26. Bxb7 Rb8 27. Bxc8 Nxc8 28. g3 Rxd4 29. Kg2 Rxb2 30. Ne4 Kg7 31. Rc1 Nb6 32. Qg4+ Kf7 33. Ng5+ Ke8 34. Qh5+ Kd7 35. Nf3 Re4 36. Qh7 Ree2 37. Rf1 Nd5 38. g4 Ne3+ 39. Kg3 Nxf1+ 40. Kg2 Rxf2+ 41. Kg1 Rxf3 42. Qd3 Rxd3 0-1

[Event "Early-Titled-Tuesday-Blitz-February-06-2024"]
[Site "Chess.com"]
[Date "2024.02.06"]
[Round "10"]
[White "Ariadna_Atreides"]
[Black "Nasrin_Babayeva"]
[Result "0-1"]
[WhiteElo "2151"]
[BlackElo "1951"]
[TimeControl "180+1"]
[EndTime "9:55:08 PST"]
[Termination "Nasrin_Babayeva won by checkmate"]

1. d4 d6 2. Nf3 Bg4 3. Bf4 Bxf3 4.
exf3 Nd7 5. c3 e6 6. Bd3 Ngf6 7.
O-O Be7 8. Re1 O-O 9. Nd2 c5 10. dxc5 Nxc5 11. Bc2 Nd5 12. Bg3 Qb6 13. Rb1 Rfd8 14.
Qe2 Bf6 15. Ne4 Nxe4 16. fxe4 Ne7 17. Bb3 Ng6 18. Rbd1 a5 19. a3 Qxb3 20. Rd2 b5 21.
f4 b4 22. axb4 axb4 23. cxb4 Qxb4 24. Red1 Qb6+ 25. Bf2 Qa5 26. g3 Rab8 27. Rxd6 Rxd6 28. Rxd6 Rxb2 29. Qd3 Rb1+ 30. Kg2 Rb8 31. e5 Qa8+ 32. Kh3 Be7 33. Rd7 Bf8 34. Be3 Qf3 35. Qd4 Qf1+ 36. Kg4 h5+ 37. Kg5 Qh3 38. Qd1 Qf5# 0-1

[Event "Early-Titled-Tuesday-Blitz-February-06-2024"]
[Site "Chess.com"]
[Date "2024.02.06"]
[Round "10"]
[White "DeArron_Fox"]
[Black "SnekkerAndersen"]
[Result "0-1"]
[WhiteElo "2505"]
[BlackElo "2644"]
[TimeControl "180+1"]
[EndTime "9:55:10 PST"]
[Termination "SnekkerAndersen won by checkmate"]

1. d4 e6 2. c4 c5 3. d5 exd5 4. cxd5 d6 5. Nc3 Nf6 6. Nf3 g6 7. Nd2 Bg7 8. e4 O-O 9. Be2 Nbd7 10. O-O Re8 11. Re1 Ne5 12. h3 g5 13. Nf1 h6 14.
Qc2 a6 15. a4 Ng6 16. Ng3 Nf4 17. Nd1 Nxe2+ 18. Rxe2 Bd7 19. Ne3 b5 20. Ngf5 Nxe4 21. Nxg7 Kxg7 22. b3 f5 23. Bb2+ Kg6 24. g4 bxa4 25.
Nxf5 axb3 26. Qb1 Bxf5 27. gxf5+ Kxf5 28. f3 Kg6 29. Rxe4 Kh5 30. Re6 Rxe6 31. dxe6 Qf8 32. Qe4 d5 33. Qxd5 Rd8 34. Qxb3 Qf4 35. e7 Qg3+ 36. Kf1 Qxh3+ 37. Kf2 Qh2+ 38. Ke3 Qd2+ 39. Ke4 Qf4# 0-1

[Event "Early-Titled-Tuesday-Blitz-February-06-2024"]
[Site "Chess.com"]
[Date "2024.02.06"]
[Round "10"]
[White "lachesisQ"]
[Black "ChristopherYoo"]
[Result "0-1"]
[WhiteElo "3083"]
[BlackElo "2999"]
[TimeControl "180+1"]
[EndTime "9:55:11 PST"]
[Termination "ChristopherYoo won on time"]

1. e4 c5 2. Nf3 e6 3. d4 cxd4 4. Nxd4 Nc6 5. Nc3 Qc7 6. g3 a6 7.
Bg2 b5 8. Nxc6 Qxc6 9. O-O Bb7 10. Re1 Bc5 11. Be3 Ne7 12. Qd2 Rc8 13. Rad1 Bxe3 14. Rxe3 Rc7 15. a3 O-O 16. Rd3 Rd8 17. h4 a5 18. Rd6 Qc5 19. Qd4 Qxd4 20. R1xd4 Bc6 21. e5 Nf5 22. Bxc6 Nxd4 23. Nxb5 Nxb5 24. Bxb5 Rxc2 25. b4 axb4 26. axb4 Rb2 27. Rd4 Rb8 28. Rxd7 Rxb4 29. Bc6 Rb1+ 30. Kg2 Re1 31. f4 Rb2+ 32. Kh3 h5 33.
Bf3 g6 34. f5 exf5 35. Bd5 Ree2 0-1

[Event "Early-Titled-Tuesday-Blitz-February-06-2024"]
[Site "Chess.com"]
[Date "2024.02.06"]
[Round "10"]
[White "Elnaz_Kaliakhmet"]
[Black "JonasEilenberg"]
[Result "0-1"]
[WhiteElo "2275"]
[BlackElo "2531"]
[TimeControl "180+1"]
[EndTime "9:55:13 PST"]
[Termination "JonasEilenberg won by resignation"]

1. d4 d5 2. c4 e6 3. Nf3 a6 4.
cxd5 exd5 5. Nc3 h6 6. Bf4 Nf6 7. e3 Bd6 8. Bxd6 Qxd6 9. Bd3 O-O 10. O-O Nc6 11. a3 Re8 12. h3 g6 13. Qc2 Kg7 14.
Rac1 Nh7 15. b4 Ne7 16. Na4 c6 17. Nc5 Nf8 18. Ne5 Nd7 19. Nexd7 Bxd7 20. Nxb7 Qf6 21. Nc5 Bc8 22. Nb3 h5 23. Na5 Bd7 24. Qc5 Qg5 25. Kh1 Qh4 26. Kh2 Qf6 27. Qc2 g5 28. f4 g4 29. Qf2 Nf5 30. Bxf5 Qxf5 31. Nxc6 gxh3 32.
g3 f6 33. Na5 Re7 34. Rc5 Rae8 35. Rc3 Kh6 36. Nb7 Re6 37. Nc5 R6e7 38. Nxd7 Rxd7 39.
Re1 h4 40. Rg1 Rg7 41. gxh4 Reg8 42. e4 Qxe4 43. Rxg7 Rxg7 44. Kxh3 Qh1+ 45. Qh2 Qf1+ 0-1

[Event "Early-Titled-Tuesday-Blitz-February-06-2024"]
[Site "Chess.com"]
[Date "2024.02.06"]
[Round "10"]
[White "Korchmar_Vasiliy"]
[Black "Msb2"]
[Result "0-1"]
[WhiteElo "2713"]
[BlackElo "2984"]
[TimeControl "180+1"]
[EndTime "9:55:14 PST"]
[Termination "Msb2 won on time"]

1. Nf3 d5 2. g3 e6 3. Bg2 Nf6 4. O-O Bd6 5. d3 O-O 6. Re1 Nc6 7. e4 dxe4 8. dxe4 e5 9. Nc3 Bb4 10. Bd2 Bg4 11. h3 Bh5 12. g4 Bg6 13. Nh4 Nd4 14. Nf5 Ne6 15. Qe2 c6 16. Rad1 Qc7 17. Qf3 Rfd8 18. h4 h5 19. Bh3 Nd4 20. Qg2 Nxc2 21. Bg5 Nxe1 22. Rxe1 hxg4 23. Bxg4 Nxg4 24. Qxg4 Bxf5 25.
exf5 Rd4 26. Qg3 Kh7 27. f6 gxf6 28. Bxf6 Rg8 29. Bg5 f6 30. Ne4 Be7 31. Qh3 Qd7 32.
Qf3 Rg6 33. Qh5+ Kg7 0-1

[Event "Early-Titled-Tuesday-Blitz-February-06-2024"]
[Site "Chess.com"]
[Date "2024.02.06"]
[Round "10"]
[White "jaskol95"]
[Black "Eloist"]
[Result "1-0"]
[WhiteElo "2585"]
[BlackElo "2425"]
[TimeControl "180+1"]
[EndTime "9:55:14 PST"]
[Termination "jaskol95 won by resignation"]

1. e4 e6 2. Nf3 d5 3. e5 c5 4. b4 cxb4 5. a3 Nc6 6. axb4 Bxb4 7. c3 Ba5 8. d4 Nge7 9. Bd3 Bd7 10. O-O b5 11.
Ba3 b4 12. cxb4 Nxb4 13. Be2 O-O 14. Nbd2 Nec6 15. Nb3 Bb6 16. Bb5 a5 17. Qe2 Na7 18. Bxd7 Qxd7 19. Rfb1 Rfc8 20. Nxa5 Nc2 21. Ra2 Nxa3 22.
Rxa3 Qc7 23. Nb3 Qc4 24. Qe3 Nb5 25. Rxa8 Rxa8 26. h4 h6 27. Nbd2 Qc6 28. Qb3 Ra5 29. Qb4 Bc7 30. Nb3 Ra2 31. Rc1 Qd7 32. Nc5 Qe8 33.
Qb3 Ra3 34. Qb4 Qa8 35. Qxb5 Ra1 36. Rxa1 Qxa1+ 37. Kh2 1-0

[Event "Early-Titled-Tuesday-Blitz-February-06-2024"]
[Site "Chess.com"]
[Date "2024.02.06"]
[Round "10"]
[White "mbojan"]
[Black "blitzking1729"]
[Result "1/2-1/2"]
[WhiteElo "2877"]
[BlackElo "2760"]
[TimeControl "180+1"]
[EndTime "9:55:15 PST"]
[Termination "Game drawn by repetition"]

1. Nf3 d5 2. g3 Nd7 3. d4 Ngf6 4.
Bg2 e6 5. O-O b5 6. Nbd2 Bb7 7.
a4 b4 8. c4 bxc3 9. bxc3 c5 10. a5 Ba6 11. Re1 Be7 12. e4 dxe4 13. Ng5 cxd4 14.
Ndxe4 Rc8 15. Nxf7 Kxf7 16. Ng5+ Kg8 17. Nxe6 Qe8 18.
cxd4 h6 19. Bf4 Qf7 20. d5 Bb4 21. Bd2 Bxd2 22. Qxd2 Kh7 23. Rac1 Rxc1 24. Rxc1 Rb8 25. Nf4 Ne5 26. Qc2+ Kg8 27. Bh3 Nf3+ 28. Kg2 Ng5 29. Bf5 Nxd5 30. Ng6 Nb4 31. Qb1 Bb7+ 32. Kf1 Ba6+ 33. Kg2 Nc6 34. h4 Rxb1 35. Bxb1 Qf3+ 36. Kg1 Nh3+ 37. Kh2 Qxf2+ 38. Kxh3 Bc8+ 39. g4 Qe3+ 40. Kg2 Qxc1 41. Ba2+ Kh7 42. Nf8+ Kh8 43. Ng6+ Kh7 44. Nf8+ Kh8 45. Ng6+ Kh7 1/2-1/2